 Dungeon Crawl Stone Soup version 0.29.1 (webtiles) character file.

Game seed: 5267282089189225114

221 masschaos23 the Covert (level 5, -3/35 HPs)
             Began as an Octopode Brigand on Sept 13, 2022.
             Was an Initiate of Nemelex Xobeh.
             Splashed by a jelly's acid (9 damage)
             ... on level 5 of the Dungeon.
             The game lasted 00:21:04 (4901 turns).

masschaos23 the Covert (Octopode Brigand)           Turns: 4901, Time: 00:21:10

Health: -3/35      AC:  1    Str: 10    XL:     5   Next: 98%
Magic:  5/5        EV: 13    Int: 17    God:    Nemelex Xobeh [......]
Gold:   320        SH:  0    Dex: 14    Spells: 4/4 levels left

rFire   . . .      SeeInvis .   a - +2 dagger
rCold   + . .      Faith    .   (no shield)
rNeg    . . .      Spirit   .   (helmet restricted)
rPois   .          Reflect  .   (no amulet)
rElec   .          Harm     .   j - ring of flight
rCorr   .          Rampage  .   m - ring of protection from cold
Will    .....                   (no ring)
Stlth   +++++.....              (no ring)
HPRegen 0.00/turn               (no ring)
MPRegen 0.09/turn               (no ring)
                                (no ring)
                                (no ring)

@: flying, inhibited regen
A: almost no armour, amphibious, 8 rings, camouflage 1, gelatinous body 1,
(nimble swimmer 1), tentacles, clever 1, inhibited regeneration, wild magic 1
a: Renounce Religion, Draw Escape, Draw Destruction, Draw Summoning


You were on level 5 of the Dungeon.
You worshipped Nemelex Xobeh.
Nemelex Xobeh was noncommittal.
You visited 1 branch of the dungeon, and saw 5 of its levels.

You collected 320 gold pieces.

Inventory:

Hand Weapons
 a - a +2 dagger (weapon)
 o - a +0 demon blade of electrocution
Missiles
 b - 4 poisoned darts (quivered)
 c - 3 curare-tipped darts
 d - 2 atropa-tipped darts
Jewellery
 j - a ring of flight (left tentacle)
 m - a ring of protection from cold (right tentacle)
Wands
 i - a wand of flame (16)
Scrolls
 e - a scroll of butterflies
 f - 3 scrolls of enchant weapon
 k - 2 scrolls of teleportation
 p - a scroll of identify
Potions
 g - 2 potions of might
 h - 2 potions of degeneration
 l - a potion of curing
 n - a potion of berserk rage


   Skills:
 + Level 2.5 Fighting
 + Level 3.0 Short Blades
 + Level 2.6 Throwing
 + Level 1.5 Dodging
 + Level 8.2 Stealth


You had 4 spell levels left.
You didn't know any spells.
Your spell library contained the following spells:

 Spells                   Type           Power      Damage    Failure   Level
 Blink                    Tloc           0%         N/A       43%         2
 Ignite Poison            Fire/Tmut/Pois 0%         N/A       65%         3
 Lesser Beckoning         Tloc           0%         N/A       65%         3
 Mephitic Cloud           Conj/Pois/Air  0%         N/A       65%         3
 Freezing Cloud           Conj/Ice/Air   0%         6-21      100%        5
 Manifold Assault         Tloc           0%         N/A       100%        5


Dungeon Overview and Level Annotations

Branches:
Dungeon (5/15)             Temple (0/1) D:5

Altars:
Makhleb
Nemelex Xobeh
Okawaru
Ru
Uskayaw
Wu Jian
Xom

Annotations:
D:5 3 runed translucent doors, PorkyPig's ghost, novice HOMo


Innate Abilities, Weirdness & Mutations

You cannot wear most types of armour.
You are amphibious.
You can wear up to eight rings at the same time.
Your skin changes colour to match your surroundings (Stealth+).
Your rubbery body absorbs attacks. (AC +1, EV +1)
((You are camouflaged when in or above water. (Stealth+)))
You have tentacles for arms and can constrict up to eight enemies at once.
Your mind is acute. (Int +4, Str/Dex -1)
You do not regenerate when monsters are visible.
Your spells are a little harder to cast, but a little more powerful.


Message History

An iguana comes into view.
A jelly comes into view.
Throw: 6 darts (poison)
Press: ? - help, Q - select action, (/) - cycle Shift-Dir - straight line, f - iguana
Aim: an iguana (asleep, 98% to hit)
You throw a poisoned dart. The poisoned dart hits the iguana.
The iguana is poisoned.
The iguana hisses angrily.
Throw: 5 darts (poison)
Press: ? - help, Q - select action, (/) - cycle Shift-Dir - straight line, f/p - iguana
Aim: an iguana (lightly wounded, poisoned, 64% to hit)
You throw a poisoned dart. The poisoned dart hits the iguana.
The iguana looks even sicker.
The iguana is lightly wounded.
The jelly quivers.
You closely miss the iguana. You grab the iguana. You squeeze the iguana.
The iguana is severely wounded.
You constrict the iguana. The iguana bites you!
You hit the iguana but do no damage.
The iguana is almost dead.
You constrict the iguana, but do no damage.
The iguana bites you!
* * * LOW HITPOINT WARNING * * *
You hit the iguana but do no damage.
The iguana is almost dead.
You constrict the iguana. You hit the iguana but do no damage.
The iguana is almost dead.
You constrict the iguana.
You kill the iguana!
The jelly barely misses you.
Your Short Blades skill increases to level 3!
You hit the jelly.
Your tentacles burn!
* * * LOW HITPOINT WARNING * * *
The jelly is moderately wounded.
The jelly hits you.
* * * LOW HITPOINT WARNING * * *
You are splashed with acid!
You die...
Your body disappears without a glow.

#..#...####....#*,*,* *,*******
#.##..##,,*##...#,*,* *,*
#.#..#*.....##..#,*,# *,*
#.#..#,..=...#,.*,,.# *,*
#.#..#*,.Z...#..**,.# *,*
#.##?.###.....,,,*.(# *,*
#..#.....5W..,,,*#(.####*,*
#..##...####,,###†.....#*,*
#...#####..####.@.......,,*
#..............J#.#.##.#*,*
##..##########.##.#,**,**,*******
##.# *,......#,,,,,*,,,,,,,, #.#
#.##.####,***,*,******* #.#
#,*#.# *,* *,*,** #.# *,*#.#
*,***,,,,*** #.# *,*#.#
*,,,,,,,,,,* #.* *,*#.#
***,,,,,,*,****


You could see a jelly.

Vanquished Creatures
  A scorpion (D:5)
  An iguana (D:5)
  4 adders
  2 white imps (D:5)
  A worm (D:3)
  2 dart slugs (D:1)
  3 orcs
  6 endoplasms
  4 giant cockroaches
  6 goblins
  11 hobgoblins
  6 jackals
  A quokka (D:1)
  6 ball pythons
  5 bats
  4 frilled lizards
  5 kobolds (D:1)
  8 rats
76 creatures vanquished.

Notes
Turn   | Place    | Note
-------+----------+-------------------------------------------
     0 | D:1      | masschaos23 the Octopode Brigand began the quest for the
                  | Orb.
     0 | D:1      | Reached XP level 1. HP: 14/14 MP: 1/1
   105 | D:1      | Reached XP level 2. HP: 15/19 MP: 2/2
   182 | D:1      | Reached skill level 6 in Stealth
   226 | D:1      | You fall into a shaft and drop 1 floor!
   624 | D:2      | Reached XP level 3. HP: 22/24 MP: 3/3
  1256 | D:1      | Found a faded altar of an unknown god.
  1341 | D:1      | Reached skill level 7 in Stealth
  1341 | D:1      | Reached XP level 4. HP: 16/29 MP: 4/4
  2000 | D:1      | You are sucked into a shaft and drop 1 floor!
  2016 | D:2      | Gained mutation: Your spells are a little harder to cast,
                  | but a little more powerful. [potion of mutation]
  2016 | D:2      | Gained mutation: Your mind is acute. (Int +4, Str/Dex -1)
                  | [potion of mutation]
  2016 | D:2      | Gained mutation: You do not regenerate when monsters are
                  | visible. [potion of mutation]
  2021 | D:3      | Found a shimmering altar of Xom.
  2279 | D:3      | Found a hide-covered altar of Uskayaw.
  2280 | D:3      | Found an ornate altar of the Wu Jian Council.
  3012 | D:3      | Found a sacrificial altar of Ru.
  3012 | D:3      | Found a sparkling altar of Nemelex Xobeh.
  3014 | D:3      | Found a burning altar of Makhleb.
  3465 | D:4      | Found an iron altar of Okawaru.
  3825 | D:4      | Reached XP level 5. HP: 19/35 MP: 5/5
  4676 | D:3      | Became a worshipper of Nemelex Xobeh the Trickster
  4709 | D:5      | Entered Level 5 of the Dungeon
  4722 | D:5      | Reached skill level 8 in Stealth
  4850 | D:5      | Found a runed translucent gate.
  4851 | D:5      | Found a runed translucent gate.
  4853 | D:5      | Found a runed translucent gate.
  4883 | D:5      | Noticed an ice beast
  4883 | D:5      | Noticed PorkyPig's ghost (novice HOMo)
  4901 | D:5      | Splashed by a jelly's acid

Illustrated notes

Levels and vault maps discovered:
D:1:      minmay_arrival_glassed_features, layout_basic,
          hellmonk_ecumenical_altar_pennies_from_heaven
D:2:      minmay_evil_eye, layout_basic
D:3:      layout_basic, mainiacjoe_overflow_boulevard,
          nicolae_overflow_hidden_temple, nrook_loot_triangle
D:4:      layout_layer_cave, kennysheep_little_box, minmay_goblin_kobold_house
D:5:      layout_loops_ring, minmay_temple_entry_waves, gammafunk_ghost_icy,
          minivault_1

Skill      XL: |  1  2  3  4  5 |
---------------+----------------+-----
Stealth        | 6 7 8 |  8.2
Short Blades   | 3 |  3.0
Fighting       | |  2.5
Throwing       | |  2.6
Dodging        | |  1.5

Action                   |  1- 3 |  4- 6 || total
-------------------------+-------+-------++-------
Melee: Dagger            |    58 |    77 ||   135
       Constrict         |     9 |    18 ||    27
       Tentacles         |    11 |    13 ||    24
       Punch             |       |     1 ||     1
Throw: Dart              |     4 |    24 ||    28
  Use: Scroll            |       |    11 ||    11
       Potion            |       |     3 ||     3
 Stab: Sleeping          |    16 |    16 ||    32
Armor: Skin              |     1 |     3 ||     4
Dodge: Dodged            |    20 |    36 ||    56
